 Dungeon Crawl Stone Soup version 0.23.2-30-g0e89c35649 (webtiles) character file.

Game seed: 14579728133452392908

64535 diana the Protected (level 15, -5/100 HPs)
             Began as a Gargoyle Berserker on June 12, 2019.
             Was a High Priest of Trog.
             Slain by a titanic slime creature (43 damage)
             ... on level 14 of the Dungeon.
             The game lasted 00:46:30 (21257 turns).

diana the Protected (Gargoyle Berserker)           Turns: 21257, Time: 00:46:31

Health: -5/100     AC: 43    Str: 30    XL:     15   Next: 13%
Magic:  15/15      EV: 13    Int:  8    God:    Trog [*****.]
Gold:   1165       SH: 13    Dex:  9    Spells: 14/14 levels left

rFire    + . .     SeeInvis .   v - +12 morningstar of the Heart {pain, rElec rF- Str+3}
rCold    + . .     Gourm    .   x - +0 buckler
rNeg     + . .     Faith    .   M - +3 plate armour {rF+}
rPois    ∞         Spirit   .   H - +2 helmet of Gugoaq {rC+}
rElec    +         Reflect  +   G - +1 cloak {rF+}
rCorr    .         Harm     .   (no gloves)
MR       ++...                  O - +0 pair of boots
Stlth    ..........             m - brooch of Shielding {Reflect SH+8}
HPRegen  0.26/turn              N - ring of protection from magic
MPRegen  0.14/turn              w - +5 ring of protection

@: about to teleport, flying
A: big wings, negative energy resistance 1, electricity resistance, unbreathing,
petrification resistance, rot immunity, AC +11
a: Stop Flying, Berserk, Trog's Hand, Brothers in Arms, Renounce Religion


You were on level 14 of the Dungeon.
You worshipped Trog.
Trog was extremely pleased with you.
You were not hungry.

You visited 4 branches of the dungeon, and saw 22 of its levels.
You also visited: Bailey and Volcano.

You collected 2865 gold pieces.
You spent 1700 gold pieces at shops.

Inventory:

Hand Weapons
 v - the +12 morningstar of the Heart (weapon) {pain, rElec rF- Str+3}
   (You found it on level 5 of the Lair of Beasts)

   In the hands of one skilled in necromantic magic, it inflicts extra damage on
   living creatures.
   It affects your strength (+3).
   It makes you vulnerable to fire.
   It insulates you from electricity.
 U - a +5 demon whip of flaming
Missiles
 l - 5 throwing nets (quivered)
 C - 8 silver javelins
Armour
 x - a +0 buckler (worn)
 G - a +1 cloak of fire resistance (worn)
 H - the +2 helmet of Gugoaq (worn) {rC+}
   (You found it on level 4 of the Lair of Beasts)

   It protects you from cold.
 M - a +3 plate armour of fire resistance (worn)
 O - a +0 pair of boots (worn)
Jewellery
 m - the brooch of Shielding (around neck) {Reflect SH+8}
   (You bought it in a shop on level 2 of the Orcish Mines)

   [amulet of reflection]

   It shields you and reflects attacks.
   It affects your SH (+8).
 w - a +5 ring of protection (right hand)
 N - a ring of protection from magic (left hand)
Wands
 p - a wand of disintegration (12)
 S - a wand of clouds (3)
 T - a wand of iceblast (13)
Scrolls
 f - 10 scrolls of identify
 h - 7 scrolls of teleportation
 i - 6 scrolls of magic mapping
 j - 2 scrolls of random uselessness {unknown}
 k - 7 scrolls of immolation
 o - 11 scrolls of remove curse
 u - 2 scrolls of noise {unknown}
 y - 2 scrolls of fog {unknown}
 B - 2 scrolls of fear {unknown}
 I - a scroll of blinking {unknown}
 K - 2 scrolls of silence {unknown}
 L - a scroll of enchant armour {unknown}
 P - 3 scrolls of torment {unknown}
 R - a scroll of vulnerability {unknown}
Potions
 a - 3 potions of degeneration {unknown}
 e - 4 potions of agility
 g - 6 potions of brilliance
 q - 5 potions of ambrosia
 r - 3 potions of heal wounds
 s - 2 potions of flight {unknown}
 A - 5 potions of curing
 E - 2 potions of might {unknown}
 F - a potion of resistance
 J - 2 potions of haste
Comestibles
 c - 41 rations


   Skills:
 - Level 13.7 Fighting
 - Level 12.7 Maces & Flails
 + Level 13.8 Armour
 + Level 11.0 Dodging
 + Level 8.4 Shields


You had 14 spell levels left.
You didn't know any spells.
Your spell library was empty.

Dungeon Overview and Level Annotations

Branches:
Dungeon (14/15)            Temple (1/1) D:6            Lair (5/6) D:8
  Swamp (0/4) Lair:3       Spider (0/4) Lair:3          Orc (2/2) D:9
    Elf (0/3) Orc:2        Vaults (0/5) D:13
  Slime: Lair:5-6

Altars:
Ashenzari
Cheibriados
Dithmenos
Elyvilon
Fedhas
Gozag
Hepliaklqana
Kikubaaqudgha
Makhleb
Nemelex Xobeh
Okawaru
Qazlal
Ru
Sif Muna
Trog
Uskayaw
Vehumet
Wu Jian
Xom
Yredelemnul
Zin
The Shining One
Beogh

Shops:
D:9 *}   D:10 *   D:13 =   Orc:1 [   Orc:2 %?=}

Annotations:
Abyss:1 Duvessa


Innate Abilities, Weirdness & Mutations

You are resistant to torment.
Your stone body is resilient. (AC +11)
You are immune to poison.
Your large and strong wings let you fly indefinitely.
You resist negative energy. (rN+)
You are resistant to electric shocks. (rElec)
You can survive without breathing.
You are immune to petrification.
You are immune to rotting.


Message History

Unknown command.
Okay, then.
You see here 16 stones.
You see here a book of Power.
A troll comes into view.
The troll shouts!
A centaur warrior zombie comes into view.
Things that are here:
13 arrows; a +0 shortbow The troll bites you!
* * * LOW HITPOINT WARNING * * *
The troll misses you. The troll claws you but does no damage.
You see here an arrow.
A large slime creature splits.
A slime creature suddenly becomes a large slime creature.
As you read the scroll of teleportation, it crumbles to dust.
You feel strangely unstable.
The titanic slime creature hits you but does no damage.
You feel much better. The titanic slime creature hits you!!!
You die...

... #.# ##.### ....
####.#######
####.####...†#.....##
........((..(...:(...
########..####.....##
#<@JZTJ.<# #.....#
######.#.# #.....#
#.#...........
#.############ #.#
..# .## .


You could see a titanic slime creature, a large slime creature, a troll and a
centaur warrior zombie.

Vanquished Creatures
  A stone giant (Orc:1)
  A red draconian (Volcano)
  The ghost of Suemar the Geomancer, a journeyman DEEE of Sif Muna (Lair:4)
  A dire elephant (Lair:5)
  Snorg (D:10)
  4 hydras
  Harold (D:11)
  4 two-headed ogres
  2 centaur warriors
  3 death yaks (Lair:5)
  An orc high priest (Orc:1)
  2 unseen horrors
  2 necromancers (D:13)
  3 orc knights
  An ugly thing (D:13)
  2 orc sorcerers (Orc:2)
  A wolf spider (Lair:3)
  A cyclops (D:13)
  A manticore (D:13)
  19 elephants
  2 black mambas (Lair:1)
  A molten gargoyle (Volcano)
  6 spiny frogs
  A gargoyle (Volcano)
  A centaur skeleton (D:10)
  A rime drake (Lair:5)
  2 yaktaurs (Volcano)
  A freezing wraith (D:11)
  2 komodo dragons
  A tengu conjurer (D:14)
  A komodo dragon (shapeshifter) (D:13)
  4 polar bears
  A jumping spider (Lair:3)
  A tyrant leech (Lair:3)
  2 slime creatures (D:14)
  9 trolls
  9 blink frogs
  4 hippogriffs
  2 shadows (D:13)
  2 redbacks (Lair:3)
  A spriggan (Lair:5)
  A vampire (D:14)
  3 basilisks
  16 humans (D:13)
  2 water elementals (D:13)
  26 yaks
  2 fire bats (Volcano)
  2 hungry ghosts
  3 vampire mosquitoes (D:13)
  A swamp worm (Lair:3)
  5 wargs
  3 soldier ants
  8 water moccasins
  A soldier ant (shapeshifter) (D:13)
  4 black bears
  2 sky beasts
  5 porcupines
  An eye of draining (D:13)
  6 ice beasts
  36 orc warriors
  A necrophage (D:6)
  10 ogres
  A phantom (D:7)
  5 wolves (Lair:2)
  22 centaurs
  11 crocodiles
  8 big kobolds (D:4)
  13 bullfrogs
  A gnoll sergeant (D:9)
  A wyvern zombie (D:13)
  5 scorpions
  Dowan (D:4)
  10 killer bees
  5 wights (D:8)
  5 electric eels
  2 howler monkeys
  6 crimson imps
  2 lava snakes (Volcano)
  A centaur zombie (D:5)
  A bullfrog zombie (D:12)
  2 hounds
  19 orc priests
  Crazy Yiuf (D:2)
  4 bullfrog skeletons
  6 iguanas
  27 orc wizards
  2 hell rats (Lair:1)
  8 worker ants
  Robin (D:3)
  8 gnolls
  8 adders
  5 river rats (Lair:1)
  2 shadow imps (D:5)
  An ooze (D:2)
  2 dart slugs
  6 leopard geckos
  77 orcs
  3 ball pythons
  6 giant cockroaches
  33 goblins
  7 hobgoblins
  8 quokkas
  A ball python skeleton (D:4)
  7 bats
  7 frilled lizards
  46 kobolds
  2 leopard gecko skeletons
  A leopard gecko zombie (D:5)
  A quokka skeleton (D:5)
  16 rats
  A plant (Lair:4)
662 creatures vanquished.

Vanquished Creatures (collateral kills)
  An orc warlord (Orc:2)
  2 vault guards (D:13)
  A wizard (D:13)
  An orc knight (Bailey)
  3 humans (D:13)
  8 orc warriors
  7 wights (D:8)
  An orc priest (D:8)
  An orc wizard (D:8)
  3 orcs
28 creatures vanquished.

Vanquished Creatures (others)
  An ogre (Orc:2)
  An orc (D:6)
  20 fungi
  3 plants
  5 toadstools (D:1)
30 creatures vanquished.

Grand Total: 720 creatures vanquished

Notes
Turn   | Place    | Note
-------+----------+-------------------------------------------
     0 | D:1      | diana the Gargoyle Berserker began the quest for the Orb.
     0 | D:1      | Reached XP level 1. HP: 14/14 MP: 1/1
    32 | D:1      | Reached XP level 2. HP: 14/19 MP: 2/2
   401 | D:1      | Reached XP level 3. HP: 22/23 MP: 3/3
   420 | D:1      | Reached ** piety under Trog
   917 | D:2      | Reached XP level 4. HP: 24/29 MP: 4/4
   976 | D:2      | Found a deep blue altar of Sif Muna.
  1281 | D:2      | Found a runed translucent door.
  1282 | D:2      | Noticed Crazy Yiuf
  1425 | D:2      | Killed Crazy Yiuf
  1531 | D:3      | Noticed Robin
  1532 | D:3      | Reached XP level 5. HP: 25/33 MP: 5/5
  1591 | D:3      | Reached *** piety under Trog
  1597 | D:3      | Killed Robin
  1842 | D:3      | Found a bloodstained altar of Trog.
  2304 | D:4      | Noticed a big kobold
  2306 | D:4      | Noticed an ogre
  2314 | D:4      | Killed a big kobold
  2314 | D:4      | Reached XP level 6. HP: 39/39 MP: 6/6
  2397 | D:4      | Reached skill level 5 in Fighting
  2397 | D:4      | Reached XP level 7. HP: 34/44 MP: 7/7
  2492 | D:4      | Reached **** piety under Trog
  2539 | D:4      | Reached skill level 5 in Maces & Flails
  2547 | D:4      | Reached skill level 5 in Armour
  2621 | D:4      | Reached XP level 8. HP: 39/51 MP: 8/8
  3210 | D:4      | Noticed Duvessa
  3210 | D:4      | Noticed Dowan
  3211 | D:4      | Banished Duvessa
  3213 | D:4      | Killed Dowan
  3405 | D:5      | Entered Level 5 of the Dungeon
  3474 | D:5      | Reached ***** piety under Trog
  3605 | D:5      | Received a gift from Trog
  3614 | D:5      | Reached XP level 9. HP: 47/57 MP: 9/9
  3633 | D:5      | Reached skill level 5 in Dodging
  4213 | D:6      | Reached skill level 1 in Shields
  4374 | D:6      | Found a staircase to the Ecumenical Temple.
  4555 | Temple   | Entered the Ecumenical Temple
  5244 | D:6      | Received a gift from Trog
  5453 | D:7      | Found a shimmering altar of Xom.
  5675 | D:7      | Received a gift from Trog
  5698 | D:7      | Found a glowing golden altar of the Shining One.
  5700 | D:7      | Found a stormy altar of Qazlal.
  5724 | D:7      | Reached XP level 10. HP: 58/64 MP: 10/10
  6225 | D:8      | Found a flagged portal.
  6258 | Bailey   | Entered a bailey
  6416 | Bailey   | Noticed an orc knight
  6417 | Bailey   | Found a bloodstained altar of Trog.
  6429 | Bailey   | Killed an orc knight
  6508 | D:8      | Found a staircase to the Lair.
  7259 | D:9      | Found Ojywev's Changing Room.
  7324 | D:9      | Found Wurasiku's Gadget Emporium.
  7521 | D:9      | Found a staircase to the Orcish Mines.
  7802 | D:10     | Entered Level 10 of the Dungeon
  8056 | D:10     | Reached XP level 11. HP: 65/71 MP: 11/11
  8203 | D:10     | Found Roiwkauwk's Assorted Antiques.
  8367 | D:10     | Noticed Snorg
  8367 | D:10     | Noticed a two-headed ogre
  8583 | D:10     | Killed Snorg
  8657 | D:10     | Killed a two-headed ogre
  8908 | D:11     | HP: 5/108 [freezing wraith (16)]
  9247 | D:11     | Noticed Harold
  9251 | D:11     | Reached skill level 10 in Fighting
  9261 | D:11     | Killed Harold
  9459 | D:11     | Paralysed by fainting for 8 turns
  9921 | D:12     | Reached skill level 10 in Armour
 10142 | D:12     | Killed an unseen horror
 10338 | D:12     | Noticed a two-headed ogre
 10347 | D:12     | Killed a two-headed ogre
 10585 | D:13     | Found Siet's Jewellery Shop.
 10611 | D:13     | Reached XP level 12. HP: 51/79 MP: 12/12
 10793 | D:13     | Reached skill level 10 in Maces & Flails
 10961 | D:13     | Received a gift from Trog
 11107 | D:13     | Found a gate to the Vaults.
 11107 | D:13     | Noticed a vault guard
 11107 | D:13     | Noticed a vault guard
 11123 | D:13     | Killed a vault guard
 11132 | D:13     | Killed a vault guard
 11663 | D:13     | Noticed a two-headed ogre
 11675 | D:13     | Killed a two-headed ogre
 11821 | D:13     | Noticed a two-headed ogre
 11828 | D:13     | Killed a two-headed ogre
 12290 | D:14     | Noticed a centaur warrior
 12291 | D:14     | Reached XP level 13. HP: 60/85 MP: 13/13
 12471 | Orc:1    | Entered Level 1 of the Orcish Mines
 13200 | Orc:1    | Noticed a stone giant
 13210 | Orc:1    | Killed a stone giant
 13352 | Orc:1    | Found a roughly hewn altar of Beogh.
 13499 | Orc:1    | Found Aclaum's Antique Armour Emporium.
 13817 | Orc:2    | Entered Level 2 of the Orcish Mines
 13848 | Orc:1    | Received a gift from Trog
 15158 | Orc:2    | Noticed an orc warlord
 15277 | Orc:2    | Killed an orc warlord
 15348 | Orc:2    | Found a staircase to the Elven Halls.
 15487 | Orc:2    | Received a gift from Trog
 15572 | Orc:2    | Found Webuupt's Magic Scroll Shop.
 15572 | Orc:2    | Found Uzelaira's Jewellery Shoppe.
 15630 | Orc:2    | Found Navibot's Gadget Emporium.
 15632 | Orc:2    | Found Sahylad's Food Boutique.
 15729 | Orc:2    | Paralysed by an orc sorcerer for 2 turns
 15988 | Orc:2    | Bought the brooch of Shielding {Reflect SH+8} for 1700 gold
                  | pieces
 15988 | Orc:2    | Found the brooch of Shielding {Reflect SH+8}
 16060 | Lair:1   | Entered Level 1 of the Lair of Beasts
 16120 | Lair:1   | Found a dark tunnel.
 16141 | Volcano  | Entered a volcano
 16537 | Volcano  | Found a radiant altar of Vehumet.
 16568 | Volcano  | Noticed a red draconian
 16581 | Volcano  | Killed a red draconian
 16690 | Volcano  | Gained mutation: Your large and strong wings let you fly
                  | indefinitely. [Gargoyle growth]
 16690 | Volcano  | Reached XP level 14. HP: 95/95 MP: 14/14
 17559 | Lair:2   | Got a brightly glowing ring mail
 17570 | Lair:2   | Identified the +2 ring mail of the Black Moon {Str-5 Int+2
                  | Slay+3} (You found it on level 2 of the Lair of Beasts)
 18092 | Lair:3   | Reached skill level 5 in Shields
 18167 | Lair:3   | Found a staircase to the Swamp.
 18526 | Lair:3   | Reached skill level 10 in Dodging
 18789 | Lair:3   | Found a hole to the Spider Nest.
 19029 | Lair:4   | Reached ****** piety under Trog
 19401 | Lair:4   | Found a runed translucent gate.
 19401 | Lair:4   | Found a runed translucent gate.
 19401 | Lair:4   | Found a runed translucent gate.
 19401 | Lair:4   | Noticed Suemar's ghost (journeyman DEEE)
 19548 | Lair:4   | Received a gift from Trog
 20006 | Lair:5   | Noticed a dire elephant
 20259 | Lair:5   | Got an ichor-stained morningstar
 20260 | Lair:5   | Identified the +12 morningstar of the Heart {pain, rElec
                  | rF- Str+3} (You found it on level 5 of the Lair of Beasts)
 20363 | Lair:5   | Killed a dire elephant
 20447 | Lair:5   | Reached XP level 15. HP: 100/100 MP: 15/15
 20853 | Lair:4   | Got a fine helmet
 20864 | Lair:4   | Identified the +2 helmet of Gugoaq {rC+} (You found it on
                  | level 4 of the Lair of Beasts)
 20976 | Lair:4   | Killed Suemar's ghost
 21257 | D:14     | Slain by a titanic slime creature

Skill      XL: |  1  2  3  4  5  6  7  8  9 10 11 12 13 14 15 |
---------------+----------------------------------------------+-----
Dodging        | 2 3 4 5 6 8 9 10 11 | 11.0
Armour         | 3 4 5 6 7 9 10 11 12 13 | 13.8
Fighting       | 4 5 7 8 9 10 11 13 | 13.7
Maces & Flails | 4 5 6 7 8 9 11 12 | 12.7
Shields        | 3 4 7 8 |  8.4

Action                   |  1- 3 |  4- 6 |  7- 9 | 10-12 | 13-15 || total
-------------------------+-------+-------+-------+-------+-------++-------
Melee: Mace              |   126 |   106 |       |       |       ||   232
       Club              |       |    87 |   243 |       |       ||   330
       Whip              |       |       |    83 |       |       ||    83
       Morningstar       |       |       |   206 |    20 |   106 ||   332
       Dire flail        |       |       |       |   821 |   252 ||  1073
       Demon whip        |       |       |       |       |   753 ||   753
Invok: Berserk           |       |     2 |     1 |     2 |     4 ||     9
       Trog's Hand       |       |     1 |       |       |     2 ||     3
       Brothers in Arms  |       |       |       |     4 |     1 ||     5
 Abil: Fly               |       |       |       |       |     1 ||     1
Evoke: Wand              |       |       |       |     3 |       ||     3
  Use: Scroll            |       |       |       |     2 |    13 ||    15
       Potion            |       |       |       |       |     4 ||     4
  Eat: Chunk             |       |     8 |    12 |    26 |    33 ||    79
       Ration            |       |       |       |     2 |     1 ||     3
Armor: Animal skin       |    28 |       |       |       |       ||    28
       Ring mail         |    42 |   128 |   348 |    52 |       ||   570
       Plate armour      |       |       |       |   734 |   651 ||  1385
Dodge: Dodged            |    87 |   176 |   423 |   485 |   560 ||  1731
Block: Buckler           |       |       |    42 |     2 |   365 ||   409
       Reflection        |       |       |       |       |     1 ||     1
